 Dungeon Crawl Stone Soup version 0.25-a0-547-g27a0b5d1ef (webtiles) character file.

Game seed: 12067622845434216135, levelgen mode: deterministic

260 Gargoyl the Skirmisher (level 5, 0/46 HPs)
             Began as a Centaur Abyssal Knight on Feb 22, 2020.
             Was a Believer of Lugonu.
             Killed from afar by a white imp (3 damage)
             ... with a puff of frost
             ... summoned by Natasha
             ... on level 3 of the Dungeon.
             The game lasted 00:03:48 (2500 turns).

Gargoyl the Skirmisher (Centaur Abyssal Knight)     Turns: 2500, Time: 00:03:49

Health: 0/46       AC:  7    Str: 15    XL:     5   Next: 95%
Magic:  0/7        EV:  7    Int:  9    God:    Lugonu [**....]
Gold:   133        SH:  0    Dex:  9    Spells: 4/4 levels left

rFire    . . .     SeeInvis .   a - +2 hand axe
rCold    . . .     Gourm    .   (no shield)
rNeg     . . .     Faith    .   j - +0 scale mail
rPois    +         Spirit   +   b - +0 helmet
rElec    .         Reflect  .   g - scarf {Spirit}
rCorr    .         Harm     .   (no gloves)
MR       .....                  (no barding)
Stlth    ..........             (no amulet)
HPRegen  0.15/turn              l - -2 ring of intelligence
MPRegen  0.10/turn              (no ring)

@: slowed
A: large, hooves 3, deformed body, speed 2, poison resistance, tough skin 3,
evolution 1, MP-powered wands
a: Depart the Abyss, Bend Space, Renounce Religion


You were on level 3 of the Dungeon.
You worshipped Lugonu.
Lugonu was pleased with you.
You were not hungry.

You visited 1 branch of the dungeon, and saw 3 of its levels.
You visited the Abyss 1 time.

You collected 133 gold pieces.

Inventory:

Hand Weapons
 a - a +2 hand axe (weapon)
Missiles
 i - 4 boomerangs (quivered)
Armour
 b - a +0 helmet (worn)
 g - a scarf of spirit shield (worn)
 j - a +0 scale mail (worn)
Jewellery
 l - a -2 ring of intelligence (left hand)
Scrolls
 e - a scroll of teleportation
 f - 3 scrolls of identify
Potions
 d - a potion of brilliance
 h - a potion of berserk rage
 k - a potion of flight
Comestibles
 c - 5 rations
 m - a chunk of flesh


   Skills:
 + Level 4.0 Fighting
 + Level 3.2 Axes
 * Level 2.5 Armour
 * Level 1.6 Dodging
 * Level 3.1 Invocations


You had 4 spell levels left.
You didn't know any spells.
Your spell library was empty.

Dungeon Overview and Level Annotations

Branches:
Dungeon (3/15)

Altars:

Annotations:
D:3 Natasha


Innate Abilities, Weirdness & Mutations

You have hooves in place of feet.
Armour fits poorly on your strangely shaped body.
You cover ground very quickly.
You have extremely tough skin. (AC +3)
Your system is resistant to poisons. (rPois)
You evolve.
You expend magic power (3 MP) to strengthen your wands.


Message History

You hit Natasha. You kick Natasha, but do no damage.
Natasha is severely wounded.
You hit the white imp but do no damage. You hit the crimson imp.
Natasha claws you.
* * * LOW HITPOINT WARNING * * *
The white imp hits you but does no damage.
The crimson imp hits you but does no damage.
Natasha casts a spell at you. You resist with some effort.
The white imp gestures at you.
The puff of frost hits you but does no damage.
You hit Natasha. Your kick misses Natasha.
Natasha is almost dead.
You barely miss the white imp. You barely miss the crimson imp.
The crimson imp hits you but does no damage.
Natasha claws you.
* * * LOW HITPOINT WARNING * * *
The white imp gestures at you. The puff of frost hits you.
You die...

#..<.......# ####
#..[<......# #...
#.......... #..>
#........# ##...
##........###########....
#.......<.........#.....†
#........h..####......÷..
#.......@5.............).
#......).5....##.#.#.#.>.
#......††..##..#.....#...
##........## #.#....##...
##......#####....#######
######........#.#
##.......#.# ##.###....#
#..###...####


You could see Natasha, a crimson imp and a white imp.

Vanquished Creatures
  An orc priest (D:3)
  An orc wizard (D:3)
  Terence (D:2)
  Natasha (D:3)
  Robin (D:2)
  4 adders
  2 oozes (D:1)
  4 dart slugs
  4 leopard geckos
  9 orcs (D:3)
  5 bats
  A giant cockroach (D:1)
  11 goblins
  10 hobgoblins
  5 jackals (D:1)
  A quokka (D:1)
  A ball python (D:2)
  4 frilled lizards
  8 kobolds
  5 rats
79 creatures vanquished.

Notes
Turn   | Place    | Note
-------+----------+-------------------------------------------
     0 | Abyss:1  | Gargoyl the Centaur Abyssal Knight began the quest for the
                  | Orb.
     0 | Abyss:1  | Reached XP level 1. HP: 19/19 MP: 2/2
    11 | Abyss:2  | Found a corrupted altar of Lugonu.
    68 | Abyss:2  | Found a blossoming altar of Fedhas.
    77 | Abyss:2  | Noticed a smoke demon
    79 | D:1      | Escaped the Abyss
   417 | D:1      | Reached XP level 2. HP: 20/26 MP: 3/3
   558 | D:1      | Reached * piety under Lugonu
   816 | D:1      | Reached skill level 1 in Dodging
   908 | D:1      | Reached XP level 3. HP: 31/31 MP: 4/4
  1365 | D:2      | Noticed Robin
  1393 | D:1      | Gained mutation: You evolve. [potion of mutation]
  1393 | D:1      | Gained mutation: You expend magic power (3 MP) to
                  | strengthen your wands. [potion of mutation]
  1393 | D:1      | Gained mutation: Your system is resistant to poisons.
                  | (rPois) [potion of mutation]
  1615 | D:2      | Noticed Terence
  1620 | D:2      | Killed Robin
  1620 | D:2      | Reached XP level 4. HP: 24/38 MP: 5/5
  1631 | D:2      | Killed Terence
  1631 | D:2      | Reached ** piety under Lugonu
  2227 | D:3      | Reached XP level 5. HP: 40/46 MP: 7/7
  2469 | D:3      | Noticed Natasha
  2476 | D:3      | Killed Natasha
  2476 | D:3      | Reached skill level 4 in Fighting
  2491 | D:3      | Noticed Natasha
  2500 | D:3      | Killed from afar by a white imp

Levels and vault maps discovered:
D:1:      minmay_arrival_hallway, layout_basic
D:2:      minmay_kobold_bridge, layout_rooms, first_ration, item_on_display_a,
          uniq_terence, uniq_robin
D:3:      layout_rooms, nicolae_ru_path_of_blood, minmay_statues_item,
          uniq_natasha

Skill      XL: |  1  2  3  4  5 |
---------------+----------------+-----
Axes           | 2 3 |  3.2
Dodging        | 1 |  1.6
Armour         | 2 |  2.5
Invocations    | 3 |  3.1
Fighting       | 4 |  4.0

Action                   |  1- 3 |  4- 6 || total
-------------------------+-------+-------++-------
Melee: Hand axe          |    72 |   111 ||   183
       Kick              |    11 |    20 ||    31
Invok: Depart the Abyss  |     1 |       ||     1
  Use: Scroll            |     2 |     4 ||     6
       Potion            |     4 |       ||     4
  Eat: Chunk             |     1 |     3 ||     4
Armor: Leather armour    |    10 |       ||    10
       Scale mail        |    31 |    86 ||   117
Dodge: Dodged            |    51 |    44 ||    95

Table legend:
 A = Non-vault XP
 B = Vault XP
 C = Vault XP percentage of total XP
 D = Non-vault monster count
 E = Vault monster count
 F = Vault count percentage of total count
                 A         B        C        D         E       F
            +---------+---------+-------+---------+---------+-------
      Total |     263 |     109 |  29.3 |      64 |      15 |  19.0
            +---------+---------+-------+---------+---------+-------
        D:1 |      64 |       2 |   3.0 |      26 |       1 |   3.7
        D:2 |      37 |      72 |  66.1 |      15 |      13 |  46.4
        D:3 |     162 |      35 |  17.8 |      23 |       1 |   4.2
            +---------+---------+-------+---------+---------+-------
